 Dungeon Crawl Stone Soup version 0.17-a0-1248-g117de50 (webtiles) character file.

112 kidanger the Caller (level 4, 0/24 HPs)
             Began as a Deep Elf Summoner on June 5, 2015.
             Slain by a giant cockroach (1 damage)
             ... on level 4 of the Dungeon.
             The game lasted 00:16:23 (2899 turns).

kidanger the Caller (Deep Elf Summoner)             Turns: 2899, Time: 00:16:23

Health: 0/24       AC:  3    Str: 10    XL:     4   Next: 64%
Magic:  6/12       EV: 13    Int: 21    God:
Gold:   135        SH:  0    Dex: 15    Spells: 3 memorised, 6 levels left

rFire  + . .     SeeInvis .     o - -3 rapier
rCold  + . .     Clarity  .     a - +0 robe
rNeg   . . .     SustAt   .     (no shield)
rPois  +         Gourm    .     (no helmet)
rElec  +         Spirit   .     p - +0 cloak
rCorr  +         Warding  .     (no gloves)
rMut   .         Stasis   .     (no boots)
MR     .....                    (no amulet)
Stlth  ++........               (no ring)
                                (no ring)

@: mighty, resistant, not resistant to hostile enchantments, unstealthy
A: no striking features
a: no special abilities


You were on level 4 of the Dungeon.
You were not hungry.

You visited 1 branch of the dungeon, and saw 4 of its levels.

You collected 135 gold pieces.

Inventory:

Hand weapons
 o - a -3 rapier (weapon)
Armour
 a - a +0 robe (worn)
 p - a +0 cloak (worn)
Scrolls
 e - 2 scrolls of identify
 h - a scroll of blinking {unknown}
 i - a scroll of noise {unknown}
 k - a scroll of magic mapping {unknown}
 l - a scroll of random uselessness {unknown}
 n - 2 scrolls of enchant weapon {unknown}
Books
 b - a book of Callings

   Spells                             Type                      Level
   a - Summon Small Mammal            Summoning                    1
   b - Call Imp                       Summoning                    2
   c - Call Canine Familiar           Summoning                    3
   d - Summon Guardian Golem          Hexes/Summoning              3
   e - Summon Lightning Spire         Summoning/Air                4
   f - Summon Ice Beast               Ice/Summoning                4
Comestibles
 c - 2 bread rations
 d - a fruit
 f - 2 beef jerkies
 j - a slice of pizza


   Skills:
 + Level 0.5 Fighting
 + Level 0.2 Short Blades
 + Level 2.8 Dodging
 + Level 2.8 Stealth
 + Level 0.1 Unarmed Combat
 + Level 4.7 Spellcasting
 + Level 5.3 Summonings


You had 6 spell levels left.
You knew the following spells:

 Your Spells              Type           Power        Failure   Level  Hunger
a - Summon Small Mammal   Summ           ####         1%          1    None
b - Call Imp              Summ           ####....     1%          2    #......
c - Call Canine Familiar  Summ           ####....     3%          3    ##.....


Dungeon Overview and Level Annotations

Branches:
Dungeon (4/15)
 Temple: D:4-7

Altars:
Fedhas
Qazlal

Portals:
Sewer: D:4

Annotations:
D:4 Grinder


Message History

The adder closely misses your white imp.
Your crimson imp hits the jackal.
The jackal dies!
The jackal bites you but does no damage.
Your white imp misses the jackal.
The adder bites your white imp.
The giant cockroach bites you but does no damage.
The jackal misses you.
Your crimson imp closely misses the giant cockroach.
Your white imp gestures at the jackal.
The puff of frost hits the jackal.
The jackal dies!
You hit the giant cockroach.
The giant cockroach is moderately wounded.
The adder bites your white imp. The giant cockroach closely misses you.
Your crimson imp hits the giant cockroach.
You hit the giant cockroach but do no damage.
The giant cockroach is severely wounded.
The giant cockroach closely misses you. The adder bites your white imp.
The giant cockroach bites you.
You die...

......# .... #.#
....S.######.## ..#
........).....###..#
..5...#######S##...#
.....## ##.....#
....## ##....##
..w## ##S.?.# ..##
#.†.## .## #@5## ##
#....†s5# #
#......#.#
#....≈≈#.#
#..≈≈≈≈#.#
#..≈≈≈≈#.# ##≈≈S≈∩#
#######


You could see an adder, a giant cockroach, a ball python (sleeping), a friendly
crimson imp and a friendly white imp.

Vanquished Creatures
  2 worms (D:3)
  An orc (D:3)
  A giant cockroach (D:4)
  4 jackals (D:3)
  A giant newt (D:3)
  A rat (D:4)
10 creatures vanquished.

Vanquished Creatures (collateral kills)
  4 gnolls (D:3)
  5 adders
  3 worms
  An orc (D:3)
  5 giant cockroaches
  9 hobgoblins
  6 kobolds
  2 quokkas (D:2)
  A ball python (D:3)
  5 bats
  3 giant geckos
  3 giant newts
  6 goblins
  15 jackals
  7 rats
75 creatures vanquished.

Vanquished Creatures (others)
  2 giant cockroaches (D:4)
  A goblin (D:4)
3 creatures vanquished.

Grand Total: 88 creatures vanquished

Notes
Turn   | Place    | Note
--------------------------------------------------------------
     0 | D:1      | kidanger the Deep Elf Summoner began the quest for the Orb.
     0 | D:1      | Reached XP level 1. HP: 10/10 MP: 6/6
   401 | D:1      | Reached XP level 2. HP: 7/15 MP: 5/8
   626 | D:1      | Learned a level 2 spell: Call Imp
  1168 | D:2      | Reached XP level 3. HP: 15/19 MP: 8/10
  1525 | D:2      | Reached skill level 5 in Summonings
  2206 | D:3      | Learned a level 3 spell: Call Canine Familiar
  2287 | D:3      | Found a stormy altar of Qazlal.
  2291 | D:3      | Found a blossoming altar of Fedhas.
  2321 | D:3      | Reached XP level 4. HP: 15/24 MP: 9/12
  2842 | D:4      | Noticed Grinder
  2891 | D:4      | Found a glowing drain.
  2896 | D:4      | HP: 1/24 [jackal (3)]
  2899 | D:4      | Slain by a giant cockroach

Vault maps used:
D:1:      onia_arrival_mini_maze_b
D:3:      grunt_temple_overflow_forces_of_nature
D:4:      lemuel_doored_altar, portal_sewer_entry_b, first_bread,
          xom_confusion_cloud, uniq_grinder

Action                   |  1- 3 |  4- 6 || total
-------------------------+-------+-------++-------
Melee: Unarmed           |    43 |       ||    43
       Rapier            |    34 |     9 ||    43
 Cast: Summon Small Mamm |    37 |     3 ||    40
       Call Imp          |    33 |     8 ||    41
       Call Canine Famil |     3 |     4 ||     7
  Use: Scroll            |     3 |       ||     3
       Potion            |     2 |     2 ||     4
 Stab: Distracted        |     1 |       ||     1
       Sleeping          |     1 |       ||     1
  Eat: Chunk             |     5 |     2 ||     7
